 Dungeon Crawl Stone Soup version 0.17.0-28-g6e173f8 (webtiles) character file.

47 4thArraOfDagon the Gusty (level 3, -1/15 HPs)
             Began as a Felid Air Elementalist on Nov 26, 2015.
             Slain by a mummy (16 damage)
             ... in an ossuary.
             The game lasted 00:05:02 (771 turns).

4thArraOfDagon the Gusty (Felid Air Elementalist)    Turns: 771, Time: 00:05:02

Health: -1/15      AC:  1    Str:  4    XL:     3   Next: 48%
Magic:  7/7        EV: 18    Int: 17    God:
Gold:   114        SH:  0    Dex: 16    Spells: 3 memorised, 1 level left
                                        Lives:  0   Deaths: 1

rFire  . . .     SeeInvis +       - Unarmed
rCold  . . .     Clarity  .     (armour unavailable)
rNeg   . . .     SustAt   .     (shield unavailable)
rPois  .         Gourm    .     (helmet unavailable)
rElec  .         Spirit   .     (cloak unavailable)
rCorr  .         Warding  .     (gloves unavailable)
rMut   .         Stasis   .     (boots unavailable)
MR     .....                    (no amulet)
Stlth  +++.......               (no ring)
                                (no ring)

@: quick, not resistant to hostile enchantments, fairly stealthy
A: no armour, no weapons or thrown items, claws 1, fangs 3, see invisible,
carnivore 3, speed 1, shaggy fur 1, slow metabolism 1, sharp paws
a: no special abilities


You were in an ossuary.
You were not hungry.

You visited 1 branch of the dungeon, and saw 7 of its levels.
You also visited: Ossuary.

You collected 114 gold pieces.

Inventory:

Wands
 c - a wand of digging (16)
Scrolls
 e - a scroll of amnesia
Books
 a - a book of Air

   Spells                             Type                      Level
   a - Shock                          Conjuration/Air              1
   b - Swiftness                      Charms/Air                   2
   c - Repel Missiles                 Charms/Air                   2
   d - Static Discharge               Conjuration/Air              3
   e - Lightning Bolt                 Conjuration/Air              5
Comestibles
 b - 2 meat rations


   Skills:
 + Level 0.6 Fighting
 + Level 3.0 Dodging
 + Level 3.2 Stealth
 * Level 1.7 Unarmed Combat
 - Level 2.0 Spellcasting
 - Level 2.1 Conjurations
 - Level 3.4 Air Magic


You had one spell level left.
You knew the following spells:

 Your Spells              Type           Power        Failure   Level  Hunger
a - Shock                 Conj/Air       ##..         10%         1    #......
b - Repel Missiles        Chrm/Air       #.....       17%         2    ###....
c - Swiftness             Chrm/Air       #.......     17%         2    ###....


Dungeon Overview and Level Annotations

Branches:
Dungeon (7/15)
 Temple: D:4-7

Altars:
Ru


Innate Abilities, Weirdness & Mutations

You cannot wear armour.
You are incapable of wielding weapons or throwing items.
You have sharp claws.
You have razor-sharp teeth.
You have supernaturally acute eyesight.
You are carnivorous and can eat meat at any time.
You cover ground quickly.
You are covered in fur (AC +1).
You have a slow metabolism.
Your sharp claws are effective at attacking unaware monsters.


Message History

The centaur zombie hits you!
You die...
You are now level 3!
You rejoin the land of the living...
A mummy and 2 bog bodies come into view.
Unknown command.
You enter the shallow water.
Moving in this stuff is going to be slow.
The decayed bog body moves out of view.
The decayed bog body gestures at you while chanting.
You resist with some effort.
Unknown command.
Unknown command.
A mummy comes into view.
The decayed bog body points at you and mumbles some strange words.
The puff of frost is repelled.
You feel less protected from missiles. The mummy hits you!
Ouch! That really hurt!
You die...

#≈ #P≈P≈P≈P≈P≈.#
#≈##+#≈#+#.≈.≈.#+#
#P†ZZZMM≈≈≈≈.≈..+
#≈≈Z##Z##≈##'##.#
#P.≈#.Z.#.#...# +
###.#..Z###.∩.#
#..≈#.ZZ# #∩..#
#≈#≈≈n#####+#####.#
#≈..n.n≈≈≈@≈.....'
#≈##≈.#####M#####.#
≈≈.≈≈ #.# ≈≈≈###≈
### #≈ M≈ ≈ ≈≈ P.≈
≈#≈


You could see 3 decayed bog bodies and a mummy.

Vanquished Creatures
  2 crimson imps (D:6)
  A worker ant zombie (D:7)
  An adder zombie (Ossuary)
  A giant gecko (D:1)
  3 orcs (D:7)
  A goblin (D:1)
  A hobgoblin (D:1)
  A kobold (D:1)
  A ball python (D:2)
  3 bats (D:1)
  A giant newt (D:2)
  A rat (D:1)
17 creatures vanquished.

Vanquished Creatures (others)
  A plant (Ossuary)
1 creature vanquished.

Grand Total: 18 creatures vanquished

Notes
Turn   | Place    | Note
--------------------------------------------------------------
     0 | D:1      | 4thArraOfDagon the Felid Air Elementalist began the quest for the Orb.
     0 | D:1      | Reached XP level 1. HP: 7/7 MP: 4/4
    20 | D:1      | Reached skill level 1 in Conjurations
   126 | D:1      | Reached skill level 3 in Air Magic
   137 | D:1      | Reached XP level 2. HP: 11/11 MP: 1/6
   187 | D:2      | Learned a level 2 spell: Repel Missiles
   216 | D:4      | Noticed a scorpion
   238 | D:5      | Entered Level 5 of the Dungeon
   326 | D:6      | Reached XP level 3. HP: 14/14 MP: 3/7
   374 | D:6      | Learned a level 2 spell: Swiftness
   446 | D:6      | Reached skill level 1 in Unarmed Combat
   446 | D:6      | Reached XP level 4. HP: 10/18 MP: 1/8
   464 | D:6      | Found a sacrificial altar of Ru.
   516 | D:7      | Found a sacrificial altar of Ru.
   599 | D:7      | Noticed an ogre
   659 | D:7      | Noticed a wight
   659 | D:7      | Noticed a wight
   659 | D:7      | Noticed a wight
   664 | D:7      | Noticed a wight
   665 | D:7      | Noticed a wight
   723 | D:6      | Found a sand-covered staircase.
   738 | Ossuary  | Entered an ossuary
   766 | Ossuary  | Slain by a centaur zombie
   767 | Ossuary  | Reached XP level 3. HP: -4/15 MP: 7/7
   771 | Ossuary  | Slain by a mummy

Action                   |  1- 3 |  4- 6 || total
-------------------------+-------+-------++-------
Melee: Unarmed           |    15 |    29 ||    44
 Cast: Shock             |    13 |     7 ||    20
       Repel Missiles    |     1 |       ||     1
  Use: Potion            |     1 |     2 ||     3
       Scroll            |     2 |     1 ||     3
 Stab: Sleeping          |     6 |       ||     6
  Eat: Chunk             |     6 |     1 ||     7
